Cogmind - Beta 13 @@@ ROGUE MODE // 2024.05.05 @ 16:47:55 Player: GayPredator Result: Self-destructed Performance ------------- Evolutions (4) 2000 Regions Visited (7) 1400 Robots Destroyed (82) 410 Value Destroyed (2885) 2885 Prototype IDs (3) 60 Alien Tech Used (0) 0 Bonus (656) 656 TOTAL SCORE: 7411 Bonus ------- High Alert Combat Kills 300 Follower Combat Kills 122 Aligned with FarCom 300 Friendly Fire -66 Cogmind --------- Core Integrity 692/850 Matter 300/300 Energy 1218/1600 System Corruption 0% Temperature Cool (0) Movement Core (650) Ox12 Location -6/Factory Parts ------- > --- POWER (1) -------- (None) > --- PROPULSION (3) --- (None) > --- UTILITY (7) ------ Large Storage Unit Superbattery System Shield System Shield > --- WEAPON (4) ------- Thermic Laser Improved EM Pulse Cannon EMP Blaster > --- INVENTORY (15) --- Light Angular Momentum Engine Improved Cooling System Core Analyzer ECM Suite Propulsion Shielding Hardened Heavy Armor Plating Improved Light Armor Plating EM Disruption Field Mini Grenade Launcher Impact Mace Peak State ------------ > --- POWER ------------ Improved Ion Engine > --- PROPULSION ------- Light Treads Light Treads Armored Treads > --- UTILITY ---------- Improved Cooling System Large Storage Unit Superbattery Improved Light Armor Plating Hacking Suite System Shield System Shield > --- WEAPON ----------- Thermic Laser Improved EM Pulse Cannon Improved EM Pulse Cannon Improved EM Pulse Cannon > --- INVENTORY -------- Light Angular Momentum Engine Light Treads Improved Cooling System Core Analyzer ECM Suite Propulsion Shielding Flak Gun EMP Blaster Advanced EMP Blaster Mini Grenade Launcher Impact Mace [Rating: 54] Favorites ----------- Power Improved Ion Engine Engine Improved Ion Engine Propulsion Light Treads Treads Light Treads Wheel Wheel Utility Large Storage Unit Device Improved Cooling System Storage Large Storage Unit Processor Advanced Targeting Computer Hackware Hacking Suite Protection Improved Medium Armor Plating Weapon Improved EM Pulse Cannon Energy Gun Thermic Laser Energy Cannon Improved EM Pulse Cannon Ballistic Gun Flak Gun Launcher Advanced EMP Blaster Special Weapon Mining Laser Impact Weapon Impact Mace Slashing Weapon Chainsword Special Melee Weapon Datajack Build | -11 -10 -10 -10 -9 -8 -7 -6 ------- Run | Yrd Mat Min Exi Min Mat Fac Fac Slots Evolved 8 | . . . . . 4 2 2 Power . | . . . . . . . . Propulsion 1 | . . . . . 1 . . Utility 5 | . . . . . 3 . 2 Weapon 2 | . . . . . . 2 . Parts Attached 68 | 7 1 1 1 5 19 23 11 Power 3 | 1 . . . . 2 . . Engine 3 | 1 . . . . 2 . . Core . | . . . . . . . . Reactor . | . . . . . . . . Propulsion 9 | 2 . . . . 4 1 2 Treads 8 | 2 . . . . 3 1 2 Leg . | . . . . . . . . Wheel 1 | . . . . . 1 . . Hover . | . . . . . . . . Flight . | . . . . . . . . Utility 21 | 2 1 1 1 1 7 5 3 Device 5 | 1 . . . 1 1 2 . Storage 5 | 1 1 1 1 . . 1 . Processor 1 | . . . . . 1 . . Hackware 3 | . . . . . 1 . 2 Protection 7 | . . . . . 4 2 1 Artifact . | . . . . . . . . Weapon 35 | 2 . . . 4 6 17 6 Energy Gun 2 | . . . . . . . 2 Energy Cannon 10 | . . . . . . 10 . Ballistic Gun 8 | 2 . . . 2 2 1 1 Ballistic Cannon . | . . . . . . . . Launcher 8 | . . . . 1 3 2 2 Special Weapon 1 | . . . . 1 . . . Impact Weapon 2 | . . . . . . 1 1 Slashing Weapon 2 | . . . . . 1 1 . Piercing Weapon . | . . . . . . . . Special Melee Weapon 2 | . . . . . . 2 . Unidentified Prototypes 3 | . . . 1 . 1 1 . Parts Lost 15 | . . . . . 1 4 10 Power 1 | . . . . . . . 1 Propulsion 4 | . . . . . . . 4 Utility 4 | . . . . . 1 1 2 Weapon 6 | . . . . . . 3 3 Highest Loss Streak 5 | . . . . . 1 1 5 To Critical Strikes . | . . . . . . . . Average Slot Usage (%) 98 | . 100 100 100 99 97 98 97 Engine 9 | . 14 14 14 14 9 7 6 Treads 24 | . 28 28 28 28 26 23 19 Device 7 | . 14 14 8 5 5 6 6 Storage 14 | . 14 14 20 22 9 14 13 Processor 1 | . . . . . 8 . . Hackware 6 | . . . . . 3 7 19 Protection 6 | . . . . . 16 7 6 Energy Cannon 10 | . . . . . . 20 16 Ballistic Gun 9 | . 28 28 28 17 10 1 1 Launcher 3 | . . . . 8 6 2 4 Slashing Weapon 1 | . . . . . . 2 . Naked Turns . | . . . . . . . . Heaviest Build 68 | 14 19 29 32 37 45 67 68 Greatest Support 60 | 40 40 40 40 40 60 60 60 Greatest Overweight (x) 2 | . . . . . . 1 2 Average Overweight (x) . | . . . . . . . . Largest Inventory Capacity 15 | 8 10 15 15 15 15 15 15 Average Capacity 14 | 7 8 13 15 15 15 15 15 Most Carried 15 | 6 9 9 13 15 15 15 13 Average Carried 12 | 3 7 8 12 14 14 13 11 Final Capacity 15 | 8 10 15 15 15 15 15 15 Final Carried 15 | 6 8 9 13 15 14 12 11 Class Distribution -------------------- 39% | Mutant 36% | Skirmisher 13% | Hacker-Skirmisher 7% | Scavenger-Skirmisher Dominant Class ---------------- Mutant | -10/Materials Mutant | -10/Mines Mutant | -10/Exiles Mutant | -9/Mines Scavenger-Skirmisher | -8/Materials Skirmisher | -7/Factory Hacker-Skirmisher | -6/Factory Resources | -11 -10 -10 -10 -9 -8 -7 -6 ----------- Run | Yrd Mat Min Exi Min Mat Fac Fac Matter Collected 1463 | 215 130 23 . 39 544 325 187 Remotely . | . . . . . . . . Salvage Created 3197 | 23 130 . . 38 640 1182 1184 Parts 165 | 4 9 . . 3 45 58 46 Haulers Intercepted 4 | . 1 . . . . 3 . Recyclers Shooed 3 | . 1 . . 1 . 1 . Parts Field Recycled . | . . . . . . . . Retrieved Matter . | . . . . . . . . Parts Self-Destructed . | . . . . . . . . Prevented . | . . . . . . . . Kills | -11 -10 -10 -10 -9 -8 -7 -6 ------- Run | Yrd Mat Min Exi Min Mat Fac Fac Combat Hostiles Destroyed 52 | . 2 . . 1 18 15 16 Melee 2 | . . . . . . 2 . Guns 9 | . 2 . . 1 5 1 . Cannons 11 | . . . . . . 7 4 AOE 19 | . . . . . 13 3 3 Classes Destroyed 18 | 1 2 . . . 8 3 4 Worker 10 | . . . . . 2 4 4 Builder 2 | . . . . . 1 . 1 Tunneler 3 | 1 . . . 1 1 . . Hauler 4 | . 1 . . . . 3 . Recycler 2 | . . . . . . 2 . Mechanic 1 | . . . . . 1 . . Operator 2 | . . . . . 1 1 . Watcher 6 | . . . . . 1 4 1 Swarmer 10 | . . . . . 7 3 . Saboteur 1 | . . . . . . . 1 Grunt 24 | . 2 . . 1 9 5 7 Brawler 4 | . . . . . . . 4 Duelist 2 | . . . . . 1 . 1 Protector 1 | . . . . . . . 1 Sentry 2 | . . . . . 1 1 . Hunter 4 | . . . . . . 3 1 Programmer 3 | . . . . . . 3 . Heavy 1 | . . . . . . . 1 Best Kill Streak 7 | 1 1 . . 2 6 7 7 Combat Bots Only 6 | . 1 . . 1 5 6 4 Max Kills in Single Turn 3 | 1 1 . . 1 3 3 2 Gunslinging . | . . . . . . . . Exploded 2 | . . . . . 2 2 1 Melee 1 | . . . . . . 1 . Uniques/NPCs Destroyed . | . . . . . . . . Combat | -11 -10 -10 -10 -9 -8 -7 -6 -------- Run | Yrd Mat Min Exi Min Mat Fac Fac Hostile Shots Fired 216 | . 11 . . 7 43 109 46 Missed 61 | . 2 . . 3 13 34 9 Damage Taken 2960 | . 99 . . 67 499 1296 999 Core 318 | . . . . 19 19 122 158 Absorbed by Shields . | . . . . . . . . Core Remaining (%) 92 | 100 . . . 92 96 82 . Volleys Fired 122 | 4 16 . . 13 31 38 20 Largest 4 | 2 2 . . 1 2 3 4 Hottest 243 | 40 40 . . 100 64 207 243 Shots Fired 267 | 8 32 . . 13 45 99 70 Gun 88 | 8 32 . . 2 22 7 17 Cannon 127 | . . . . . . 88 39 Launcher 46 | . . . . 5 23 4 14 Special 6 | . . . . 6 . . . Kinetic 78 | 8 32 . . 2 22 7 7 Thermal 16 | . . . . 6 . . 10 Explosive 16 | . . . . 5 10 1 . Electromagnetic 157 | . . . . . 13 91 53 Robot Hit Streak 14 | 4 4 . . 6 14 11 10 Robot Miss Streak 8 | 2 5 . . 2 6 5 8 Penetration Max . | . . . . . . . . Secondary Targets . | . . . . . . . . Shots Hit Robots 177 | 5 18 . . 4 32 64 54 Core Hits 145 | 2 6 . . 5 55 31 46 Critical Kills . | . . . . . . . . Critical Parts Destroyed 2 | . . . . . . . 2 Critical Strikes 2 | . . . . . . . 2 Smash 2 | . . . . . . . 2 Melee Attacks 31 | . . . . . 4 15 12 Impact 12 | . . . . . . . 12 Slashing 18 | . . . . . 4 14 . Piercing . | . . . . . . . . Sneak Attacks 1 | . . . . . . 1 . Combat Hostiles . | . . . . . . . . Follow-up Attacks . | . . . . . . . . Damage Inflicted 7723 | 55 217 3 . 359 1892 2600 2597 Guns 962 | 55 217 . . 33 383 129 145 Cannons 2159 | . . . . . . 1341 818 Explosions 3743 | . . . . 316 1468 644 1315 Melee 825 | . . . . . 41 465 319 Ramming 34 | . . 3 . 10 . 21 . Kinetic 877 | 55 217 . . 33 383 129 60 Thermal 632 | . . . . . 171 80 381 Explosive 1240 | . . . . 316 654 270 . Electromagnetic 4115 | . . . . . 643 1635 1837 Impact 319 | . . . . . . . 319 Slashing 506 | . . . . . 41 465 . Piercing . | . . . . . . . . Highest Corruption 8 | . . . . . . 8 . Average Corruption 5 | . . . . . . 5 . Corruption Purged . | . . . . . . . . Corruption Blocked . | . . . . . . . . Effects 38 | . . . . . . 38 . Message Errors 7 | . . . . . . 7 . Matter Fused 6 | . . . . . . 6 . Heat Flow Errors 2 | . . . . . . 2 . Energy Discharges 2 | . . . . . . 2 . Parts Rejected 1 | . . . . . . 1 . Data Loss (minor) 9 | . . . . . . 9 . Data Loss (major) 2 | . . . . . . 2 . Misfires 3 | . . . . . . 3 . Alerts 4 | . . . . . . 4 . Weapon Failures 2 | . . . . . . 2 . Overload Shots . | . . . . . . . . Overflow Damage 396 | . . . . 18 25 287 66 Projectiles 54 | . . . . . . 52 2 Explosions 205 | . . . . 18 25 162 . Melee 137 | . . . . . . 73 64 Knockbacks 3 | . . . . . . . 3 Impact 3 | . . . . . . . 3 Kinetic . | . . . . . . . . Secondary . | . . . . . . . . Self-Inflicted Damage 435 | . . . . . 44 282 109 Shots 12 | . . . . . 2 4 6 Rammed 5 | . . 1 . 1 . 3 . Targets Rammed 6 | . . 1 . 1 . 4 . Kicked . | . . . . . . . . Crushed 1 | . . . . . . 1 . Highest Temperature 248 | . 12 . . 40 78 211 248 Average Temperature 51 | . 6 . . 14 42 54 73 Received Heat Transfer 570 | . 54 . . 6 198 120 192 Effects 1 | . . . . . . . 1 Energy Bleed 1 | . . . . . . . 1 Siege Activations . | . . . . . . . . Robots Corrupted 14 | . . . . . . 5 9 Combat Hostiles 11 | . . . . . . 2 9 Parts Fried 26 | . . . . . 2 13 11 Impact Corruptions 2 | . . . . . . . 2 Robots Melted . | . . . . . . . . Combat Hostiles . | . . . . . . . . Parts Melted 1 | . . . . 1 . . . Heat Transferred 801 | . . . . . 150 150 501 Parts Sabotaged . | . . . . . . . . Parts Stolen . | . . . . . . . . Parts Stripped . | . . . . . . . . Power Chain Reactions 9 | . . . . . 5 3 1 Alert | -11 -10 -10 -10 -9 -8 -7 -6 ------- Run | Yrd Mat Min Exi Min Mat Fac Fac Peak Influence 773 | 5 65 25 . 190 614 403 773 Initial 143 | . 3 25 . . 74 74 143 Average 181 | 2 20 23 . 100 366 83 425 Maximum Alert Level 3 | . . . . . 2 2 3 Low Security (%) 69 | 100 100 100 . 100 17 92 25 Level 1 13 | . . . . . 35 4 34 Level 2 13 | . . . . . 47 3 18 Level 3 3 | . . . . . . . 21 Level 4 . | . . . . . . . . Level 5 . | . . . . . . . . High Security . | . . . . . . . . Max Security . | . . . . . . . . Squads Dispatched 18 | . 1 . . . 4 5 8 Investigation 3 | . . . . . . 2 1 Extermination 3 | . . . . . . 3 . Reinforcement 8 | . 1 . . . 3 . 4 Assault 4 | . . . . . 1 . 3 Garrison . | . . . . . . . . Intercept . | . . . . . . . . Searches Triggered . | . . . . . . . . Construction Impeded 3 | . . . . . 1 . 2 Haulers Reinforced . | . . . . . . . . Active Scanning Responses . | . . . . . . . . Cargo Convoy Interrupts . | . . . . . . . . Stealth | -11 -10 -10 -10 -9 -8 -7 -6 --------- Run | Yrd Mat Min Exi Min Mat Fac Fac Distress Signals 3 | . 1 . . . 1 . 1 Communications Jammed . | . . . . . . . . Distress Signals . | . . . . . . . . Times Spotted 90 | . 7 . . 5 26 23 29 Peak Tracking Total 7 | . 4 . . 3 6 6 7 Tactical Retreats 6 | . . . . 1 2 . 3 Traps | -11 -10 -10 -10 -9 -8 -7 -6 ------- Run | Yrd Mat Min Exi Min Mat Fac Fac Traps Triggered 2 | . . . . 1 . . 1 Indirectly 1 | . . . . . . . 1 Trap Hack Attempts 17 | . . . . . . 17 . Triggered . | . . . . . . . . Disarmed 1 | . . . . . . 1 . Reprogrammed 2 | . . . . . . 2 . Reused . | . . . . . . . . Traps Extracted . | . . . . . . . . Installed . | . . . . . . . . Triggered 1 | . . . . . . 1 . Machines | -11 -10 -10 -10 -9 -8 -7 -6 ---------- Run | Yrd Mat Min Exi Min Mat Fac Fac Machines Disabled 31 | . . . . . 5 15 11 Max in Single Turn 5 | . . . . . 1 5 3 Garrison Access 3 | . . . . . 1 1 1 Machines Repaired . | . . . . . . . . Machines Dismantled . | . . . . . . . . Machines Sabotaged . | . . . . . . . . Overloaded Fab Kills . | . . . . . . . . Hacking | -11 -10 -10 -10 -9 -8 -7 -6 --------- Run | Yrd Mat Min Exi Min Mat Fac Fac Machines Accessed 14 | . . . 1 1 4 7 1 Terminals 9 | . . . . . 3 5 1 Fabricators . | . . . . . . . . Repair Stations . | . . . . . . . . Recycling Units 1 | . . . . . 1 . . Scanalyzers 1 | . . . . . . 1 . Garrison Access 1 | . . . . . . 1 . Total Hacks 39 | . . . 1 1 13 17 7 Successful 21 | . . . 1 1 7 9 3 Failed 18 | . . . . . 6 8 4 Catastrophic 2 | . . . . . . 1 1 Database Lockouts . | . . . . . . . . Manual 20 | . . . 1 . 7 7 5 Terminals 33 | . . . . . 12 14 7 Fabricators . | . . . . . . . . Repair Stations . | . . . . . . . . Recycling Units 1 | . . . . . 1 . . Scanalyzers 2 | . . . . . . 2 . Garrison Access 1 | . . . . . . 1 . Terminal Hacks 14 | . . . 1 1 5 5 2 Record 1 | . . . 1 . . . . Part Schematic 3 | . . . . . 1 2 . Robot Schematic 1 | . . . . . . 1 . Open Door 1 | . . . . 1 . . . Alert Level 2 | . . . . . 1 1 . Unreport Threat 3 | . . . . . 2 1 . Locate Traps 2 | . . . . . 1 . 1 Zone Layout 1 | . . . . . . . 1 Fabricator Hacks . | . . . . . . . . Repair Station Hacks . | . . . . . . . . Recycling Unit Hacks 1 | . . . . . 1 . . Report Inventory 1 | . . . . . 1 . . Scanalyzer 1 | . . . . . . 1 . Insert Component 1 | . . . . . . 1 . Garrison Access Hacks 1 | . . . . . . 1 . Seal Access 1 | . . . . . . 1 . Unauthorized Hacks 4 | . . . . . 1 2 1 Terminals 4 | . . . . . 1 2 1 Botnet 4 | . . . . . 1 2 1 Fabricators . | . . . . . . . . Repair Stations . | . . . . . . . . Recycling Units . | . . . . . . . . Scanalyzers . | . . . . . . . . Garrison Access . | . . . . . . . . Data Cores Recovered . | . . . . . . . . Used . | . . . . . . . . Hacking Detections 11 | . . . . . 4 6 1 Full Trace Events 3 | . . . . . . 2 1 Feedback Events . | . . . . . . . . Feedback Blocked . | . . . . . . . . Robot Schematics Acquired 1 | . . . . . . 1 . Robots Built . | . . . . . . . . Authchips . | . . . . . . . . Time . | . . . . . . . . Total Robot Build Rating . | . . . . . . . . Part Schematics Acquired 3 | . . . . . 1 2 . Parts Built . | . . . . . . . . Authchips . | . . . . . . . . Time . | . . . . . . . . Total Part Build Rating . | . . . . . . . . Parts Repaired . | . . . . . . . . Time . | . . . . . . . . Parts Recycled . | . . . . . . . . Recycled Matter . | . . . . . . . . Retrieved Matter . | . . . . . . . . Retrieved Components . | . . . . . . . . Parts Scanalyzed 1 | . . . . . . 1 . Part Schematics Acquired . | . . . . . . . . Parts Damaged . | . . . . . . . . Bothacking | -11 -10 -10 -10 -9 -8 -7 -6 ------------ Run | Yrd Mat Min Exi Min Mat Fac Fac Used RIF Installer . | . . . . . . . . Robots Hacked . | . . . . . . . . Non-combat . | . . . . . . . . Combat . | . . . . . . . . Robot Hacks Applied . | . . . . . . . . Relay Couplers Released 5 | . . . . . 2 . 3 Machine Destruction 5 | . . . . . 2 . 3 Fabnet Peak Effective % . | . . . . . . . . Robots Rewired . | . . . . . . . . Allies Hacked . | . . . . . . . . Hacks Repelled . | . . . . . . . . Allies | -11 -10 -10 -10 -9 -8 -7 -6 -------- Run | Yrd Mat Min Exi Min Mat Fac Fac Total Allies 3 | . . 3 . . . . . Largest Group 3 | . . 3 3 3 1 . . Highest-Rated Group 40 | . . 40 40 40 16 . . Highest-Rated Ally 16 | . . 16 16 16 16 . . Total Orders . | . . . . . . . . Ally Attacks 25 | . . . . 14 11 . . Total Damage 293 | . . . . 203 90 . . Kills 6 | . . . . 5 1 . . Allies Corrupted . | . . . . . . . . Allies Melted . | . . . . . . . . Intel | -11 -10 -10 -10 -9 -8 -7 -6 ------- Run | Yrd Mat Min Exi Min Mat Fac Fac Robot Analysis Total . | . . . . . . . . Derelict Logs Recovered 2 | . . . . 2 . . . Drone Launches . | . . . . . . . . Drone Recoveries . | . . . . . . . . Exploration | -11 -10 -10 -10 -9 -8 -7 -6 ------------- Run | Yrd Mat Min Exi Min Mat Fac Fac Turns Passed 4947 | 115 205 424 423 268 834 1949 729 Spaces Moved 2291 | 52 96 258 262 135 403 803 282 Core 3 | 3 . . . . . . . Treads 2288 | 49 96 258 262 135 403 803 282 Legs . | . . . . . . . . Wheels . | . . . . . . . . Hover . | . . . . . . . . Flight . | . . . . . . . . Fastest Speed 50 | 50 160 160 160 160 160 160 163 Average Speed 184 | 153 160 160 160 160 160 209 215 Slowest Speed 320 | 160 160 160 160 160 160 243 320 Overloaded Moves . | . . . . . . . . Propulsion Burnouts . | . . . . . . . . Robots Hopped . | . . . . . . . . Cave-ins Triggered . | . . . . . . . . Exploration Rate (%) 36 | 5 26 70 63 49 44 25 10 Regions Visited 7 Branch Regions 3 Pre-discovered Areas 3 | . . . 1 2 . . . Known Exits Taken . | . . . . . . . . Unknown Exits Taken 7 | 1 1 1 1 1 1 1 . Scrap Searched 1 | . . 1 . . . . . Spaces Dug 6 | . . . . . 6 . . Terrain Destroyed 299 | . . . . 55 101 115 28 Melee 3 | . . . . . 3 . . Projectile 1 | . . . . 1 . . . AOE 295 | . . . . 54 98 115 28 Terrain Rammed . | . . . . . . . . Walls Destroyed . | . . . . . . . . Machines Disabled . | . . . . . . . . Actions | -11 -10 -10 -10 -9 -8 -7 -6 --------- Run | Yrd Mat Min Exi Min Mat Fac Fac Total 2734 | 77 119 269 266 161 541 968 333 Wait 129 | 9 4 8 . 3 61 41 3 Move 2284 | 51 95 257 261 134 402 802 282 Hop . | . . . . . . . . Pick Up 34 | 6 2 1 3 3 8 9 2 Fast Attach 33 | 7 . . 1 1 11 10 3 Attach 17 | . . . . 1 3 7 6 Detach 8 | . . . 1 . 1 4 2 Swap 18 | . 1 1 . 3 5 6 2 Drop 35 | . 1 1 . 2 15 15 1 Fire 122 | 4 16 . . 13 31 38 20 Melee 31 | . . . . . 4 15 12 Ram . | . . . . . . . . Kick . | . . . . . . . . Crush 6 | . . 1 . 1 . 4 . Escape Stasis . | . . . . . . . . Rewire . | . . . . . . . . Trap 17 | . . . . . . 17 . Miscellaneous . | . . . . . . . . Route ------- -11/Scrapyard -10/Materials -10/Mines (discovered 3 exits: [*Mat x2] / *Exi) -10/Exiles -9/Mines -8/Materials -7/Factory -6/Factory History --------- Turn | Location | Event 8 | -11/Scrapyard | Discovered new exit (range 14) 116 | -11/Scrapyard | Entered Materials 304 | -10/Materials | Discovered new exit (range 10) 306 | -10/Materials | Build established: Mutant 321 | -10/Materials | Entered Mines 352 | -10/Mines | Found a hidden stash of uninstalled traps 456 | -10/Mines | Discovered new exit (range 11) 469 | -10/Mines | Discovered new exit (range 13) 496 | -10/Mines | Assisted by bots powering up and referring to "LRC-V3" 528 | -10/Mines | Received a Rocket Launcher from a helpful Derelict 734 | -10/Mines | Deemed a non-threat by the Exiles lab entrance 734 | -10/Mines | Discovered new exit (range 5) 745 | -10/Mines | Entered Exiles 745 | -10/Exiles | Accompanied by 3 allies 790 | -10/Exiles | Met 8R-AWN 816 | -10/Exiles | Met EX-HEX 878 | -10/Exiles | Met EX-DEC 886 | -10/Exiles | Learned location of Zion (-6) 915 | -10/Exiles | Met EX-BIN 937 | -10/Exiles | Aligned with FarCom system 939 | -10/Exiles | Given EX-Vault access code 976 | -10/Exiles | Opened EX-Vault 989 | -10/Exiles | Found Prototype Storage 989 | -10/Exiles | Identified Superbattery 1027 | -10/Exiles | Warned to stay clear of 0b10 Research branches 1152 | -10/Exiles | Discovered new exit (range 10) 1168 | -10/Exiles | Left Exiles lab with Superbattery 1168 | -10/Exiles | Entered Mines 1168 | -9/Mines | Accompanied by 3 allies 1171 | -9/Mines | Met a Derelict who couldn't figure out how to use a Trap Extractor 1235 | -9/Mines | Excavation squad dispatched 1235 | -9/Mines | A large section of the Mines collapsed 1424 | -9/Mines | Discovered new exit (range 5) 1436 | -9/Mines | Entered Materials 1436 | -8/Materials | Accompanied by 1 ally 1436 | -8/Materials | Evolved 4 slots: Propulsion x1, Utility x3 2232 | -8/Materials | Discovered new exit (range 4) 2270 | -8/Materials | Entered Factory 2270 | -7/Factory | Evolved 2 slots: Weapon x2 2720 | -7/Factory | Build established: Skirmisher 4112 | -7/Factory | Discovered new exit (range 14) 4219 | -7/Factory | Entered another Factory area 4219 | -6/Factory | Evolved 2 slots: Utility x2 4569 | -6/Factory | First assault squad dispatched 4582 | -6/Factory | Build established: Hacker-Skirmisher 4822 | -6/Factory | Lost 4 parts (1n3w) 4948 | -6/Factory | Self-destructed Last Messages --------------- 04908_ ALERT: Hostile activity reported, dispatching reinforcements to area. 04908_ Penetrated by Slug. 04911_ Lgt. Treads destroyed. 04912_ K-01 Serf destroyed. 04915_ H-61 Shepherd destroyed. 04915_ ALERT: Construction progress impeded, dispatching reinforcements to local area. 04918_ U-05 Engineer lays Concrete. 04936_ Acquired 52 matter. 04941_ Dropped Hrd. Medium Armor Plating. 04941_ Acquired Hrd. Heavy Armor Plating. 04943_ Hacking Suite destroyed. 04943_ Arm. Treads destroyed. 04946_ Imp. Ion Engine destroyed. 04946_ Flak Gun blasted off. 04947_ R-10 Processor collects Hrd. Medium Armor Plating. 04948_ Imp. Cooling System destroyed. 04948_ Lgt. Treads destroyed. 04948_ Knocked back. Map ----- +----------------------------------------------------+ | ?????????????????????????????????????????????????? | | ?????????????????????????????????????????????????? | | ?????????????????????????????????????????????????? | | ?????????????????????????????????????????????????? | | ?????????????????????????????????????????????????? | | ?????????????????????????????????????????????????? | | ?????????????????????????????????????????????????? | | ?????????????????????????????????????????????????? | | ?????????????????????????????????????????????????? | | ?????????????????????????????????????????????????? | | ?????????????????????????????????????????????????? | | ?????????????????????????????????????????????????? | | ?????????????????????????????????????????????????? | | ?????????????????????????????????????????????????? | | ?????????????????????????????????????????????????? | | ?????????????????????????????????????????????????? | | ?????????????????????????????????????????????????? | | ?????????????????????????????????????????????????? | | ???????????? ????????????????????????##??????????? | | ???????????? #####################T ##?????????? | | ???????????? ????????? | | ??????????? ????????? | | ??????????? ????????? | | ?????????? ???????? | | ?????????? ???????? | | ?????????? @=[ ??????? | | ?????????? %!! H ???????? | | ?????????? ##+###+####% R ######??????????? | | ?????????????????????????#!! #???????????????? | | ?????????????????????????# #???????????????? | | ?????????????????????????# #???????????????? | | ?????????????????????????# ####????????????? | | ?????????????????????????# +????????????? | | ?????????????????????????# ####????????????? | | ?????????????????????????# #?????? ????????? | | ?????????????????????????# % #????? ????????? | | ?????????????????????????# #?????"""???????? | | ?????????????????????????# % #????"""""??????? | | ?????????????????????????# g #????"""""" #???? | | ?????????????????????????# #??? """""" #???? | | ?????????????????????????# #### #???? | | ?????????????????????????# + """""??????? | | ?????????????????????????# #### """""??????? | | ?????????????????????????# #??? """""??????? | | ?????????????????????????# "????"""""??????? | | ?????????????????????????# #???? ??????? | | ?????????????????????????# #?????####??????? | | ?????????????????????????# #???????????????? | | ?????????????????????????# #???????????????? | | ?????????????????????????# #???????????????? | +----------------------------------------------------+ Best States ------------- Heat Dissipation 64 Energy Generation 12 Energy Capacity 1765 Matter Stores 300 Matter Capacity 300 Sight Range 16 Terrain Scan Range 16 Terrain Scan Density 10 Armor Coverage 300 Evasion (%) 40 Targeting Accuracy 8 Recoil Reduction 3 Offensive Hacking 10 Defensive Hacking 20 Item Schematics ----------------- Rocket Launcher | -8/Materials | Hacked Imp. Medium Treads | -7/Factory | Hacked Lrn. Proton Cannon | -7/Factory | Hacked Robot Schematics ------------------ G-47 Trooper | -7/Factory | Hacked Fabricated ------------ Nothing Alien Tech Used ----------------- None Achievements -------------- None Challenges ------------ None Game ------ Seed MatterCannonBeamcaster Manual? 0 Play Time 00:47:38 Cumulative 80.5 hours Start 2024.05.05 @ 15:41:08 End 2024.05.05 @ 16:47:55 Sessions 3 Manual Loads 0 Difficulty Rogue Special Mode None Game No. 58 Rogue 19 Adventurer 32 Explorer 7 Win Type - Total 0 Types 0/0/0/0/0/0/0/0/0 Lore% 24 Gallery% 54 Achievement% 41 Wizard Run 0 Options --------- Layout 1 ASCII 0 Keyboard 0 Movement Numpad Keybinds 0 Fullscreen 0 Font 16/Smallcaps Map View 64x42 Zoom Use 5% Tactical HUD 1 Map Filters NONE Filters NONE Steam 1 RUN: 96db0fd5-3593-47cb-8f1b-5cd2af81a901